 Dungeon Crawl Stone Soup version 0.28-a0-932-g843f935a50 (webtiles) character file.

Game seed: 16941516652795408830

71596 olmar the Bludgeoner (level 15, -15/100 HPs)
             Began as a Gargoyle Fighter on Nov 26, 2021.
             Was an Initiate of Gozag.
             Demolished by a naga warrior (17 damage)
             ... on level 1 of the Snake Pit on Nov 27, 2021.
             The game lasted 00:39:27 (14308 turns).

olmar the Bludgeoner (Gargoyle Fighter)            Turns: 14308, Time: 00:39:28

Health: -15/100    AC: 32    Str: 39    XL:     15   Next: 37%
Magic:  15/15      EV: 14    Int: 15    God:    Gozag
Gold:   6463       SH:  6    Dex:  9    Spells: 14/14 levels left

rFire   . . .      SeeInvis .   S - +5 mace of the Hierophant {flame, rPois rN+ Str+3 Int-3}
rCold   + . .      Faith    .   c - +0 buckler
rNeg    + + +      Spirit   .   q - +6 ring mail "Ylikan" {Fly rC+ Regen+ Str+4}
rPois   ∞          Reflect  .   Y - +2 helmet {Int+3}
rElec   +          Harm     .   W - +2 cloak
rCorr   +          Rampage  .   h - +0 pair of gloves
Will    +++..                   (no boots)
Stlth   +.........              g - amulet of regeneration
HPRegen 1.86/turn               K - +6 ring of strength
MPRegen 0.14/turn               X - ring "Giaxis" {rN+ Will+ rCorr Int+6}

@: mighty, gold aura, flying
A: sickness immunity, AC +11, big wings, negative energy resistance 1,
electricity resistance, torment resistance 1, petrification resistance, hooves
1, strong-willed 1
a: Renounce Religion, Potion Petition, Call Merchant, Bribe Branch


You were on level 1 of the Snake Pit.
You worshipped Gozag.
Gozag was greatly pleased with you.
You visited 4 branches of the dungeon, and saw 21 of its levels.
You also visited: Ossuary, Bailey and Gauntlet.

You collected 7053 gold pieces.
You paid 590 gold pieces to Gozag.

Inventory:

Hand Weapons
 a - the +12 glaive of Success {flame, *Slow Will+ rCorr Str+8}
   (You found it in a Gauntlet)

   It burns those it strikes, dealing additional fire damage.
   Big, fiery blades are also staple armaments of hydra-hunters.
   Str:       It affects your strength (+8).
   rCorr:     It protects you from acid and corrosion.
   *Slow:     It may slow you when you take damage.
   Will:      It increases your willpower.
 b - the +6 shortbow "Saon" {vorpal, rC+ Str+5}
   (You found it in a Gauntlet)

   Any ammunition fired from it inflicts extra damage upon your enemies.
   Str:       It affects your strength (+5).
   rC:        It protects you from cold.
 D - the +6 morningstar of Trog's Displeasure {vorpal, Fragile +Blink rPois Dex+5}
   (You found it on level 1 of the Lair of Beasts)

   It inflicts extra damage upon your enemies.
   Dex:       It affects your dexterity (+5).
   rPois:     It protects you from poison.
   +Blink:    It lets you blink.
   Fragile:   It will be destroyed if unequipped.
 S - the +5 mace of the Hierophant (weapon) {flame, rPois rN+ Str+3 Int-3}
   (You took it off a centaur on level 9 of the Dungeon)

   It burns those it strikes, dealing additional fire damage.
   Str:       It affects your strength (+3).
   Int:       It affects your intelligence (-3).
   rPois:     It protects you from poison.
   rN:        It protects you from negative energy.
 Z - the +13 scythe of Curses {drain, Drain}
   (You found it in a Gauntlet)

   A truly terrible weapon, it drains the life of any living foe it strikes.
   It inflicts powerful necromantic curses on any living foe it strikes.
   Drain:     It drains your maximum health when unequipped.
Armour
 c - a +0 buckler (worn)
 h - a +0 pair of gloves (worn)
 p - a +1 pair of boots
 q - the +6 ring mail "Ylikan" (worn) {Fly rC+ Regen+ Str+4}
   (You found it on level 4 of the Dungeon)

   Str:       It affects your strength (+4).
   rC:        It protects you from cold.
   Fly:       It grants you flight.
   Regen:     It increases your rate of health regeneration.
 t - the +9 plate armour of the Fife {rC+}
   (You found it on level 6 of the Lair of Beasts)

   rC:        It protects you from cold.
 W - a +2 cloak (worn)
 Y - a +2 helmet of intelligence (worn)
Jewellery
 g - an amulet of regeneration (around neck)
 m - a ring of protection from cold
 r - a ring of protection from fire
 H - an amulet of guardian spirit
 K - a +6 ring of strength (left hand)
 M - an amulet of reflection
 T - a ring of protection from cold
 X - the ring "Giaxis" (right hand) {rN+ Will+ rCorr Int+6}
   (You found it in a Gauntlet)

   [ring of resist corrosion]

   Int:       It affects your intelligence (+6).
   rN:        It protects you from negative energy.
   rCorr:     It protects you from acid and corrosion.
   Will:      It increases your willpower.
Wands
 n - a wand of mindburst (11)
 N - a wand of charming (13)
 O - a wand of flame (45)
 P - a wand of digging (6)
 Q - a wand of polymorph (7)
 R - a wand of iceblast (9)
 V - a wand of acid (4)
Scrolls
 f - a scroll of magic mapping
 i - 5 scrolls of enchant armour
 j - 3 scrolls of fog
 k - 2 scrolls of teleportation
 l - 4 scrolls of noise
 o - a scroll of summoning
 w - a scroll of silence
 z - 4 scrolls of identify
 A - 3 scrolls of amnesia
 B - 3 scrolls of fear
 C - 2 scrolls of enchant weapon
Potions
 d - 2 potions of might
 e - 5 potions of haste
 s - 4 potions of lignification
 u - 3 potions of attraction
 v - 6 potions of brilliance
 x - 2 potions of cancellation
 E - 3 potions of magic
 F - a potion of ambrosia
 G - 2 potions of mutation
 I - 6 potions of curing
 J - 3 potions of degeneration
 U - 2 potions of invisibility
Miscellaneous
 y - a phial of floods (inert)
 L - a tin of tremorstones (inert)


   Skills:
 + Level 14.2 Fighting
 + Level 15.7 Maces & Flails
 + Level 10.3 Armour
 + Level 9.7 Dodging
 - Level 1.2 Stealth
 + Level 11.6 Shields
 + Level 3.9 Evocations


You had 14 spell levels left.
You didn't know any spells.
Your spell library contained the following spells:

 Spells                   Type           Power      Damage    Failure   Level
 Freeze                   Ice            0%         1d3       32%         1
 Shock                    Conj/Air       0%         1d3       32%         1
 Frozen Ramparts          Ice            0%         1d2       69%         3
 Swiftness                Air            0%         N/A       69%         3
 Airstrike                Air            0%         N/A       97%         4
 Animate Armour           Summ/Erth      0%         N/A       97%         4
 Hailstorm                Conj/Ice       0%         3d3       97%         4
 Iskenderun's Mystic Bla  Conj/Tloc      0%         2d3       97%         4
 Petrify                  Tmut/Erth      0%         N/A       97%         4
 Summon Ice Beast         Ice/Summ       0%         N/A       97%         4
 Blade Hands              Tmut           0%         N/A       100%        5
 Irradiate                Conj/Tmut      0%         3d13      100%        5
 Iskenderun's Battlesphe  Conj           0%         2d6       100%        5
 Summon Mana Viper        Hex/Summ       0%         N/A       100%        5
 Dragon Form              Tmut           0%         N/A       100%        7
 Necromutation            Tmut/Necr      0%         N/A       100%        8


Dungeon Overview and Level Annotations

Branches:
Dungeon (13/15)            Temple (1/1) D:7            Lair (6/6) D:9
  Snake (1/4) Lair:4          Orc (0/2) D:9         Ossuary (visited)
 Bailey (visited)         Gauntlet (visited)
  Swamp: Lair:2-4    Shoals: Lair:2-4     Slime: Lair:5-6    Vaults: D:13-14

Altars:
Ashenzari
Cheibriados
Dithmenos
Elyvilon
Fedhas
Gozag
Hepliaklqana
Kikubaaqudgha
Makhleb
Nemelex Xobeh
Okawaru
Qazlal
Ru
Sif Muna
Trog
Uskayaw
Vehumet
Wu Jian
Xom
Yredelemnul
Zin
The Shining One

Shops:
D:10 [

Annotations:
Lair:4 1 transporter, 1 runed translucent door, Cancer's ghost, journeyman GrEE


Innate Abilities, Weirdness & Mutations

You are immune to sickness and miasma.
Your stone body is resilient. (AC +11)
You are immune to poison.
Your large and strong wings let you fly.
You resist negative energy. (rN+)
You are resistant to electric shocks. (rElec)
You are resistant to unholy torment.
You are immune to petrification.
You have large cloven feet.
You are strong-willed. (Will+)


Message History

You kick the naga warrior, but do no damage.
The naga warrior is moderately wounded.
A naga mage comes into view. It is wielding a +0 whip.
Unknown command.
You closely miss the naga warrior. Your kick misses the naga warrior.
The naga warrior is moderately wounded.
The naga warrior spits poison at you.
The splash of poison hits you but does no damage.
You resist.
Unknown command.
You hit the naga warrior but do no damage.
Your kick misses the naga warrior.
The naga warrior is moderately wounded.
The naga no longer looks unusually strong. x2
The naga mage gestures at the naga sharpshooter while chanting.
The naga sharpshooter seems to grow toxic.
The naga warrior barely misses you. You block the naga warrior's attack.
You hit the naga warrior. You burn the naga warrior.
The naga warrior is moderately wounded.
The naga warrior hits you from afar with a +0 halberd!!
Unknown command.
You thump the naga warrior! You burn the naga warrior.
Your kick misses the naga warrior.
The naga warrior is heavily wounded.
The naga sharpshooter is no longer distracted by gold. x2
The naga sharpshooter is no longer waterlogged.
A black mamba comes into view.
The naga warrior hits you from afar with a +0 halberd.
Unknown command.
Okay, then.
Okay, then.
You feel very mighty all of a sudden.
The naga sharpshooter no longer looks unusually strong.
A black mamba comes into view.
The naga warrior hits you with a +2 dire flail of protection!!!
* * * LOW HITPOINT WARNING * * *
The naga warrior misses you.
The naga warrior hits you from afar with a +0 halberd!
You die...
Your body crumbles into a pile of gold.

.### $ ..###...## ........
##........## .......##
#...>......# .......#
...........## #.....###
...........#
##.....#.####..##.....##
#.....##@.......##.....# .
#...NNN##........)....# ...
##$N$NS####......))...#
#....#$=.N##..##)...).#....#
.....SS$.###.......))##..###
$ ....##.### ..####.##.##.##
#.# #. .....#..#.# . #.
#.#...#...#. #. # ##..#..##.


You could see 3 naga warriors, a naga sharpshooter (curare), a mana viper, 2
black mambas and 2 nagas.

Vanquished Creatures
  A cacodemon (Gauntlet)
  A minotaur (Gauntlet)
  A dire elephant (Lair:6)
  Josephine (D:11)
  A naga warrior (Snake:1)
  5 boulder beetles
  An ogre mage (D:13)
  7 hydras
  2 catoblepae
  Erica (D:8)
  A merfolk avatar (Lair:6)
  6 centaur warriors (D:13)
  A death scarab (Gauntlet)
  5 death yaks (Lair:6)
  3 two-headed ogres
  A tengu warrior (D:13)
  2 shock serpents (Snake:1)
  A naga sharpshooter (Snake:1)
  Nergalle (D:10)
  2 sea snakes (Lair:6)
  A spectral hydra (Gauntlet)
  A wizard (D:13)
  Pikel (D:4)
  2 mana vipers (Snake:1)
  A harpy (Lair:6)
  2 ugly things
  2 oklob plants (Lair:1)
  An orc knight (Bailey)
  An orb spider (shapeshifter) (D:9)
  A wolf spider (D:12)
  4 cyclopes
  4 manticores
  A salamander (Snake:1)
  An elephant (Lair:6)
  Maurice (D:11)
  2 naga magi (Snake:1)
  4 black mambas
  Maggie (D:7)
  5 cane toads
  7 komodo dragons
  4 rime drakes (Lair:6)
  4 kobold demonologists
  A komodo dragon (shapeshifter) (D:13)
  2 trolls
  A wind drake (Lair:6)
  3 polar bears
  A queen bee (shapeshifter) (D:13)
  A hornet (Lair:6)
  20 blink frogs
  3 snapping turtles (Lair:6)
  6 dream sheep (Lair:6)
  14 slime creatures
  7 wraiths
  46 yaks
  Grum (D:11)
  3 wyverns
  Eustachio (D:4)
  A basilisk (Lair:4)
  2 steam dragons (Lair:6)
  A neqoxec (Gauntlet)
  4 acid dragons
  Edmund (D:3)
  9 nagas
  9 water moccasins
  9 orc warriors
  2 sky beasts (D:6)
  A black bear (Lair:3)
  A necrophage (D:5)
  6 ogres
  5 wolves
  A phantom (D:3)
  4 centaurs
  Blork the orc (D:4)
  14 bullfrogs
  3 gnoll sergeants
  A wyvern zombie (D:7)
  5 kobold brigands
  A scorpion (D:4)
  A water moccasin zombie (D:6)
  16 killer bees
  A wight (D:9)
  An electric eel (D:8)
  A howler monkey (D:4)
  3 centaur zombies
  2 hounds (D:6)
  6 jellies
  A centaur skeleton (D:6)
  5 orc priests
  2 gnoll shamans
  An iguana (D:6)
  9 orc wizards
  3 killer bee zombies
  2 hound zombies (D:5)
  A hound skeleton (D:5)
  8 mummies (Ossuary)
  Robin (D:4)
  27 gnolls
  5 adders
  A shadow imp (D:7)
  An adder skeleton (D:4)
  A worm (D:4)
  2 dart slugs (D:1)
  40 orcs
  8 endoplasms
  A giant cockroach (D:4)
  A gnoll zombie (Ossuary)
  14 goblins
  20 hobgoblins
  4 jackals (D:1)
  45 kobolds
  4 quokkas
  5 ball pythons
  5 bats
  A frilled lizard (D:3)
  A hobgoblin zombie (Ossuary)
  3 kobold zombies (Ossuary)
  3 orc zombies (Ossuary)
  7 rats
549 creatures vanquished.

Vanquished Creatures (collateral kills)
  A queen bee (Gauntlet)
  A blink frog (Lair:6)
2 creatures vanquished.

Vanquished Creatures (others)
  An ogre mage (D:13)
  A salamander (Snake:1)
  A killer bee (Gauntlet)
  30 fungi
  44 plants
77 creatures vanquished.

Grand Total: 628 creatures vanquished

Notes
Turn   | Place    | Note
-------+----------+-------------------------------------------
     0 | D:1      | olmar the Gargoyle Fighter began the quest for the Orb.
     0 | D:1      | Reached XP level 1. HP: 14/14 MP: 1/1
   190 | D:1      | Reached XP level 2. HP: 17/19 MP: 2/2
   514 | D:1      | Reached XP level 3. HP: 23/23 MP: 3/3
  1415 | D:2      | Found a faded altar of an unknown god.
  1541 | D:2      | Reached skill level 3 in Maces & Flails
  2218 | D:3      | Reached XP level 4. HP: 28/28 MP: 4/4
  2451 | D:2      | Reached XP level 5. HP: 13/33 MP: 5/5
  2632 | D:2      | Upgraded the game from 0.28-a0-925-gd5e1996cdb to
                  | 0.28-a0-932-g843f935a50
  2827 | D:3      | Reached skill level 4 in Maces & Flails
  2827 | D:3      | Reached skill level 1 in Dodging
  2849 | D:3      | Reached XP level 6. HP: 28/38 MP: 6/6
  3188 | D:4      | Noticed Edmund
  3257 | D:4      | Noticed Robin
  3345 | D:3      | Reached skill level 1 in Stealth
  3418 | D:3      | Killed Edmund
  3419 | D:3      | Reached XP level 7. HP: 43/43 MP: 7/7
  3453 | D:4      | Reached skill level 5 in Maces & Flails
  3553 | D:4      | Reached skill level 5 in Armour
  3592 | D:4      | Identified the +6 ring mail "Ylikan" {Fly rC+ Regen+ Str+4}
  3630 | D:4      | Killed Robin
  3803 | D:4      | Noticed Pikel
  3803 | D:4      | Noticed Eustachio
  3822 | D:4      | Killed Pikel
  3823 | D:4      | Reached skill level 5 in Fighting
  3823 | D:4      | Reached skill level 6 in Maces & Flails
  3823 | D:4      | Reached XP level 8. HP: 37/49 MP: 8/8
  3843 | D:4      | Killed Eustachio
  3871 | D:4      | Noticed Blork the orc
  3880 | D:4      | Killed Blork the orc
  3881 | D:4      | Reached skill level 7 in Maces & Flails
  3881 | D:4      | Reached skill level 5 in Shields
  4059 | D:5      | Entered Level 5 of the Dungeon
  4346 | D:5      | Reached XP level 9. HP: 54/54 MP: 9/9
  4598 | D:6      | Noticed a four-headed hydra
  4661 | D:6      | Reached skill level 8 in Maces & Flails
  4661 | D:6      | Found a shadowy altar of Dithmenos.
  5480 | D:7      | Found a staircase to the Ecumenical Temple.
  5544 | D:7      | Noticed Maggie
  5562 | D:7      | Killed Maggie
  5563 | D:7      | Reached skill level 9 in Maces & Flails
  5770 | D:7      | Found a sand-covered staircase.
  5779 | Ossuary  | Entered an ossuary
  6181 | D:7      | Reached XP level 10. HP: 63/63 MP: 10/10
  6289 | Temple   | Entered the Ecumenical Temple
  6340 | Temple   | Became a worshipper of Gozag Ym Sagoz the Greedy
  6378 | D:8      | Noticed a brown ugly thing
  6592 | D:8      | Reached skill level 10 in Maces & Flails
  6647 | D:8      | Noticed Erica
  6650 | D:8      | Killed a brown ugly thing
  6690 | D:8      | Killed Erica
  6787 | D:8      | Identified the +5 scale mail of the Planets {-Cast Str-5
                  | SInv Stlth+}
  7204 | D:9      | Reached skill level 11 in Maces & Flails
  7350 | D:9      | Noticed a manticore
  7364 | D:9      | Killed a manticore
  7365 | D:9      | Reached XP level 11. HP: 30/69 MP: 11/11
  7452 | D:9      | Found a staircase to the Lair.
  7519 | D:9      | Noticed a two-headed ogre
  7526 | D:9      | Killed a two-headed ogre
  7538 | D:9      | Noticed a boulder beetle
  7548 | D:9      | Killed a boulder beetle
  7636 | D:9      | Found a white marble altar of Elyvilon.
  7868 | D:9      | Found a stormy altar of Qazlal.
  7871 | D:9      | Found a hazy altar of Hepliaklqana.
  7872 | D:9      | Noticed an orb spider
  7888 | D:9      | Killed an orb spider
  7889 | D:9      | Reached skill level 12 in Maces & Flails
  8121 | D:9      | Identified the +5 mace of the Hierophant {flame, rPois rN+
                  | Str+3 Int-3}
  8288 | D:9      | Found a staircase to the Orcish Mines.
  8386 | D:10     | Entered Level 10 of the Dungeon
  8386 | D:10     | Noticed Nergalle
  8403 | D:10     | Killed Nergalle
  8612 | D:10     | Reached skill level 5 in Dodging
  8935 | D:10     | Noticed a sun demon
  9150 | D:10     | Found Ohopean's Armour Emporium.
  9198 | D:11     | Found a white marble altar of Elyvilon.
  9259 | D:11     | Reached XP level 12. HP: 65/76 MP: 12/12
  9311 | D:11     | Noticed Grum
  9323 | D:11     | Killed Grum
  9467 | D:11     | Noticed Maurice
  9474 | D:11     | Noticed a boulder beetle
  9501 | D:11     | Killed a boulder beetle
  9502 | D:11     | Reached skill level 10 in Fighting
  9502 | D:11     | Reached skill level 13 in Maces & Flails
  9504 | D:11     | Killed Maurice
  9524 | D:11     | Noticed Josephine
  9546 | D:11     | Killed Josephine
  9647 | D:12     | Reached skill level 1 in Evocations
  9769 | D:12     | Noticed a two-headed ogre
  9796 | D:12     | Killed a two-headed ogre
  9906 | D:12     | Found a gate leading to a gauntlet.
  9933 | Gauntlet | Entered a Gauntlet
  9933 | Gauntlet | Found a transporter.
  9933 | Gauntlet | Found a transporter.
  9933 | Gauntlet | Found a transporter.
  9934 | Gauntlet | Found a transporter.
  9934 | Gauntlet | Noticed a death scarab
  9935 | Gauntlet | Found a transporter.
  9949 | Gauntlet | Found a transporter.
  9954 | Gauntlet | Found a transporter.
  9960 | Gauntlet | Found a transporter.
  9961 | Gauntlet | Found a transporter.
  9963 | Gauntlet | Found a large runed translucent door.
  9963 | Gauntlet | Found a transporter.
  9964 | Gauntlet | Found a large runed translucent door.
  9965 | Gauntlet | Found a large runed translucent door.
  9965 | Gauntlet | Found a large runed translucent door.
  9965 | Gauntlet | Found a runed translucent door.
  9965 | Gauntlet | Noticed a cacodemon
  9966 | Gauntlet | Found a large runed translucent door.
  9967 | Gauntlet | Found a large runed translucent door.
  9968 | Gauntlet | Found a large runed translucent door.
  9968 | Gauntlet | Found a large runed translucent door.
  9969 | Gauntlet | Found a runed translucent gate.
  9969 | Gauntlet | Found a runed translucent gate.
  9977 | Gauntlet | Found a transporter.
  9977 | Gauntlet | Found a transporter.
  9977 | Gauntlet | Found the +13 scythe of Curses {drain, Drain}
  9995 | Gauntlet | Found a runed translucent gate.
  9996 | Gauntlet | Found a large runed translucent door.
  9996 | Gauntlet | Found a large runed translucent door.
  9997 | Gauntlet | Found a large runed translucent door.
  9998 | Gauntlet | Found a large runed translucent door.
 10007 | Gauntlet | Found a large runed translucent door.
 10007 | Gauntlet | Found a large runed translucent door.
 10007 | Gauntlet | Found a runed translucent door.
 10008 | Gauntlet | Found a large runed translucent door.
 10009 | Gauntlet | Found a large runed translucent door.
 10090 | Gauntlet | Killed a death scarab
 10136 | Gauntlet | Reached skill level 14 in Maces & Flails
 10143 | Gauntlet | Identified the ring "Giaxis" {rN+ Will+ rCorr Int+6}
 10171 | Gauntlet | Gained mutation: Potions are less effective at restoring
                  | your health. [a neqoxec]
 10179 | Gauntlet | Gained mutation: You sometimes lose the ability to read
                  | scrolls when taking damage. [a neqoxec]
 10198 | Gauntlet | Killed a cacodemon
 10237 | Gauntlet | Noticed a minotaur
 10255 | Gauntlet | Killed a minotaur
 10265 | Gauntlet | Identified the +6 shortbow "Saon" {vorpal, rC+ Str+5}
 10265 | Gauntlet | Identified the +12 glaive of Success {flame, *Slow Will+
                  | rCorr Str+8}
 10266 | Gauntlet | Got the Catalogue of Transmutation and Calling
 10266 | Gauntlet | Got Sif Muna's Grimoire of the Rocks and Confrontation
 10364 | D:12     | Reached XP level 13. HP: 76/84 MP: 13/13
 10729 | D:13     | Found a flagged portal.
 10783 | Bailey   | Entered a bailey
 11433 | D:13     | Reached skill level 10 in Shields
 11681 | Lair:1   | Entered Level 1 of the Lair of Beasts
 11682 | Lair:1   | Acquired 1091 gold pieces
 11884 | Lair:1   | Gained mutation: Your large and strong wings let you fly.
                  | [Gargoyle growth]
 11884 | Lair:1   | Reached XP level 14. HP: 89/92 MP: 14/14
 11898 | Lair:1   | Identified the +6 morningstar of Trog's Displeasure
                  | {vorpal, Fragile +Blink rPois Dex+5}
 12228 | Lair:4   | Found a transporter.
 12235 | Lair:4   | Found a runed translucent door.
 12291 | Lair:4   | Noticed Cancer's ghost (journeyman GrEE)
 12303 | Lair:4   | Found a staircase to the Snake Pit.
 12359 | Lair:4   | Found a hide-covered altar of Uskayaw.
 12499 | Lair:6   | Entered Level 6 of the Lair of Beasts
 12517 | Lair:6   | Noticed a dire elephant
 12546 | Lair:6   | Killed a dire elephant
 12603 | Lair:6   | Reached skill level 15 in Maces & Flails
 12937 | Lair:6   | Reached skill level 10 in Armour
 13241 | Lair:6   | Reached XP level 15. HP: 100/100 MP: 15/15
 13456 | Lair:6   | Lost mutation: You sometimes lose the ability to read
                  | scrolls when taking damage. [potion of mutation]
 13456 | Lair:6   | Lost mutation: Potions are less effective at restoring your
                  | health. [potion of mutation]
 13456 | Lair:6   | Gained mutation: You are strong-willed. (Will+) [potion of
                  | mutation]
 13456 | Lair:6   | Gained mutation: You have large cloven feet. [potion of
                  | mutation]
 13834 | Lair:6   | Identified the +9 plate armour of the Fife {rC+}
 14151 | Snake:1  | Entered Level 1 of the Snake Pit
 14272 | Snake:1  | Identified the +1 hand crossbow "Killer Bee's Doom"
                  | {vorpal, Str+3}
 14308 | Snake:1  | HP: 2/100 [naga warrior (36)]
 14308 | Snake:1  | Demolished by a naga warrior

Illustrated notes

Levels and vault maps discovered:
D:1:      dpeg_arrival_lava_temple_mockup, layout_basic, hex_large
D:2:      layout_basic, shapermc_ecumenical_altar_petra, serial_forest,
          infiniplex_forest_clump_medium, infiniplex_forest_lined_3,
          infiniplex_forest_lined_room_3, infiniplex_forest_end_1,
          infiniplex_forest_clump_small, infiniplex_forest_pool,
          infiniplex_forest_straight_2, infiniplex_forest_end_3,
          infiniplex_forest_lined_room_2, infiniplex_forest_end_3,
          hangedman_abyss_or_decor_lesser_grid, skrybe_limestone_x
D:3:      layout_rooms
D:4:      layout_cave_pools, minmay_misc_feat_plants, uniq_edmund, uniq_pikel,
          uniq_eustachio, uniq_robin, uniq_blork_the_orc
D:5:      layout_cave_pods, minivault_11, minmay_holes
D:6:      layout_cave_pods, nicolae_dithmenos_through_a_glass_darkly,
          lightli_corner_chamber
D:7:      layout_basic, minmay_temple_entry_grid, chequers_ossuary_entry_cave,
          uniq_maggie
D:8:      layout_cave_pools, serial_park, serial_park_tiny_pond,
          serial_park_paths [serial_park_minivault_5x5_2], serial_park_square2,
          serial_park_gazebo [serial_park_minivault_5x5_7], uniq_erica
D:9:      layout_basic, general_overflow_altar, jmf_multi_god_temple,
          lair_entry_dummy, erik_orc_1, minmay_bent
D:10:     layout_roguey, serial_shops, nicolae_lakefront_shop,
          grunt_decor_mini_mirrors, uniq_nergalle
D:11:     layout_roguey, nicolae_trove_entry_free_sample, elyvilon_altar_3,
          uniq_grum, uniq_josephine, uniq_maurice
D:12:     layout_small_grid, gauntlet_entry_generic, kennysheep_generic_room_3
D:13:     minmay_crescents, layout_basic, david_vaults_4, enter_bailey_4
Temple:   compressed_dpeg_circular_temple
Lair:1:   minmay_lair_oklob_chamber, layout_regular_city,
          minmay_shattered_shrine
Lair:2:   layout_chaotic_city, uniq_urug
Lair:3:   layout_long_grid, nicolae_swamp_entry_splash_gauntlet, st_stairs_6,
          beast_lair_carwin_2
Lair:4:   gammafunk_cloud_chamber, layout_regular_city,
          minmay_snake_entry_guardpost_small, hellmonk_ghost_happy_afterlife,
          basic_altar
Lair:5:   layout_cave_pods, slime_dummy, gammafunk_ghost_grave,
          lemuel_fruit_tree
Lair:6:   gammafunk_lair_ancient_temple, layout_layer_cave, grunt_megastairs_4
Snake:1:  layout_onion_interference, minmay_shop_grid_forest, grunt_megastairs_5

Skill      XL: |  1  2  3  4  5  6  7  8  9 10 11 12 13 14 15 |
---------------+----------------------------------------------+-----
Maces & Flails | 3 4 6 7 9 11 12 14 15 | 15.7
Armour         | 4 5 6 7 8 9 10 | 10.3
Dodging        | 1 2 3 4 5 6 7 9 |  9.7
Shields        | 4 5 6 7 8 10 11 | 11.6
Fighting       | 4 5 7 8 9 10 12 13 14 | 14.2
Stealth        | 1 |  1.2
Evocations     | 1 2 3 |  3.9

Action                   |  1- 3 |  4- 6 |  7- 9 | 10-12 | 13-15 || total
-------------------------+-------+-------+-------+-------+-------++-------
Melee: Flail             |   141 |   135 |   353 |   329 |       ||   958
       Mace              |       |       |       |   407 |  1064 ||  1471
       Kick              |       |       |       |       |    45 ||    45
Invok: Potion Petition   |       |       |       |     2 |       ||     2
Evoke: Wand              |       |       |       |    10 |    26 ||    36
       Phial of floods   |       |       |       |       |     3 ||     3
       Tin of tremorston |       |       |       |       |     3 ||     3
  Use: Potion            |       |     4 |     1 |     3 |     7 ||    15
       Scroll            |       |       |     7 |     7 |     8 ||    22
 Stab: Distracted        |       |       |       |     4 |     5 ||     9
       Petrified         |       |       |       |       |    31 ||    31
       Paralysed         |       |       |       |       |     5 ||     5
Armor: Scale mail        |    81 |    83 |       |       |       ||   164
       Ring mail         |       |       |   214 |   424 |   673 ||  1311
       Chain mail        |       |       |    19 |       |       ||    19
Dodge: Dodged            |    67 |    71 |   246 |   374 |   588 ||  1346
Block: Buckler           |    31 |    19 |    96 |   145 |   280 ||   571

Table legend: (Time is in decaauts)
 A = Elapsed time spent in this place.
 B = Non-inter-level travel time spent in this place.
 C = Inter-level travel time spent in this place.
 D = Time resting spent in this place.
 E = Time spent auto-exploring this place.
 F = Levels seen in this place.
 G = Mean time per level.
                   A        B        C        D        E       F      G
               +--------+--------+--------+--------+--------+-----+--------+
         Total |  13930 |  12962 |    968 |    293 |   8169 |  24 |  580.4 |
       Dungeon |  10657 |   9916 |    741 |    262 |   6691 |  13 |  819.8 |
        Temple |     71 |     11 |     60 |      0 |      6 |   1 |   71.0 |
          Lair |   2272 |   2106 |    166 |      0 |   1280 |   6 |  378.7 |
     Snake Pit |    131 |    131 |      0 |      0 |     27 |   1 |  131.0 |
       Ossuary |    181 |    181 |      0 |      0 |    101 |   1 |  181.0 |
        Bailey |    285 |    285 |      0 |     19 |     49 |   1 |  285.0 |
      Gauntlet |    330 |    330 |      0 |     12 |     15 |   1 |  330.0 |
               +--------+--------+--------+--------+--------+-----+--------+

Top non-repeatable levels by time:
  Lair:6: 1472 daAuts
     D:1: 1249 daAuts
     D:9: 1222 daAuts
     D:2: 1194 daAuts
     D:3: 1021 daAuts
     D:7: 905 daAuts
     D:6: 792 daAuts
    D:10: 777 daAuts
     D:4: 668 daAuts
    D:13: 656 daAuts
     D:8: 651 daAuts
    D:12: 596 daAuts
     D:5: 475 daAuts
    D:11: 446 daAuts
  Lair:4: 340 daAuts
